 Dungeon Crawl Stone Soup version 0.20.1-1-g8b1a95d (webtiles) character file.

6455 polve the Carver (level 10, -9/49 HPs)
             Began as a Vine Stalker Fighter on July 10, 2017.
             Was a Follower of Uskayaw.
             Mangled by a merfolk
             ... wielding a +0 trident
              (18 damage)
             ... on level 10 of the Dungeon.
             The game lasted 00:12:19 (8150 turns).

polve the Carver (Vine Stalker Fighter)             Turns: 8150, Time: 00:12:20

Health: -9/49      AC:  8    Str: 20    XL:     10   Next: 99%
Magic:  0/11       EV:  7    Int: 10    God:    Uskayaw [*.....]
Gold:   379        SH: 10    Dex: 21    Spells: 9/9 levels left

rFire    + . .     SeeInvis .   a - +2 falchion (elec)
rCold    x . .     Gourm    .   c - +0 shield
rNeg     . . .     Faith    .   t - +0 scale mail
rPois    .         Spirit   +   m - +0 helmet
rElec    .         Reflect  .   (no cloak)
rCorr    .         Harm     .   (no gloves)
MR       +....                  (no boots)
Stlth    ..........             (no amulet)
Regen    0.6/turn               H - ring of fire
MPRegen  0.2/turn               M - +5 ring of dexterity

@: no status effects
A: fangs 3, clever 1, regeneration 1, magic shield, antimagic bite, no potion
heal 3, rot immunity
a: Stomp, Renounce Religion


You were on level 10 of the Dungeon.
You worshipped Uskayaw.
Uskayaw was noncommittal.
You were not hungry.

You visited 2 branches of the dungeon, and saw 11 of its levels.
You also visited: Ossuary.

You collected 379 gold pieces.

Inventory:

Hand Weapons
 a - a +2 falchion of electrocution (weapon)
Armour
 c - a +0 shield (worn)
 m - a +0 helmet (worn)
 t - a +0 scale mail (worn)
Jewellery
 H - a ring of fire (left hand)
 M - a +5 ring of dexterity (right hand)
Wands
 k - a wand of paralysis (12/24)
Scrolls
 d - a scroll of random uselessness {unknown}
 g - 4 scrolls of remove curse
 h - 6 scrolls of blinking
 j - 2 scrolls of fog {unknown}
 q - a scroll of teleportation
 r - a scroll of recharging {unknown}
 s - a scroll of amnesia {unknown}
 v - a scroll of immolation {unknown}
 x - 2 scrolls of enchant weapon
 y - 3 scrolls of enchant armour
 G - a scroll of magic mapping {unknown}
 K - a scroll of brand weapon {unknown}
Potions
 e - 2 potions of brilliance
 l - 6 potions of curing
 n - 2 potions of resistance {unknown}
 p - 2 potions of mutation
 u - 3 potions of flight
 A - 6 potions of lignification
 C - a potion of haste
 F - a potion of invisibility {unknown}
 J - a potion of ambrosia {unknown}
Books
 B - a book of Beasts

   Spells                             Type                      Level
   a - Summon Butterflies             Summoning                    1
   b - Call Canine Familiar           Summoning                    3
   c - Summon Ice Beast               Ice/Summoning                4
   d - Summon Mana Viper              Hexes/Summoning              5
   e - Summon Hydra                   Summoning                    7
 I - a book of Changes

   Spells                             Type                      Level
   a - Beastly Appendage              Transmutation                1
   b - Sticks to Snakes               Transmutation                2
   c - Spider Form                    Transmutation/Poison         3
   d - Ice Form                       Ice/Transmutation            4
   e - Blade Hands                    Transmutation                5
 N - a book of Cantrips

   Spells                             Type                      Level
   a - Confusing Touch                Hexes                        1
   b - Animate Skeleton               Necromancy                   1
   c - Summon Small Mammal            Summoning                    1
   d - Apportation                    Translocation                1
Comestibles
 b - a chunk of flesh
 f - 6 bread rations
 i - 7 meat rations
 w - 3 fruits
 E - 3 royal jellies


   Skills:
 + Level 3.7 Fighting
 - Level 14.0 Long Blades
 + Level 3.2 Armour
 - Level 2.6 Shields


You had 9 spell levels left.
You didn't know any spells.

Dungeon Overview and Level Annotations

Branches:
Dungeon (10/15)            Temple (1/1) D:7
   Lair: D:8-11         Orc: D:9-12

Altars:
Ashenzari
Cheibriados
Dithmenos
Elyvilon
Fedhas
Gozag
Hepliaklqana
Kikubaaqudgha
Makhleb
Nemelex Xobeh
Okawaru
Qazlal
Ru
Sif Muna
Trog
Uskayaw
Vehumet
Xom
Yredelemnul
Zin
The Shining One

Shops:
D:4 (


Innate Abilities, Weirdness & Mutations

You have razor-sharp teeth.
Your natural rate of healing is unusually fast.
When hurt, damage is shared between your health and your magic reserves.
Your bite disrupts and absorbs the magic of your enemies.
Potions cannot restore your health.
You are immune to rotting.
Your mind is acute. (Int +2)


Message History

You are too injured to fight recklessly!
You are too injured to fight recklessly!
You are too injured to fight recklessly!
You are too injured to fight recklessly!
You are too injured to fight recklessly!
A two-headed ogre comes into view.
It is wielding a giant club and a giant spiked club.
The merfolk hits you from afar with a trident!
* * * LOW HITPOINT WARNING * * *
The two-headed ogre shouts in stereo!
The merfolk hits you but does no damage.
You completely miss the merfolk. Your bite misses the merfolk.
The merfolk hits you with a trident!
* * * LOW HITPOINT WARNING * * *
You hit the merfolk. Your bite misses the merfolk.
The merfolk is lightly wounded.
You block the two-headed ogre's attack.
The two-headed ogre hits you with a giant spiked club!
* * * LOW HITPOINT WARNING * * *
The merfolk hits you with a trident!!
You die...

#...# #.#.# .. #...#
#.... ..####...# #....
....#...###+####..<.
...............#.#..
#............#.#..
#............#.#..
#.?.[(.......#.#..
#@..(.#...........
.#####mO(..#...........
...§.§...#.##...........
#..........##..........#
#####..##..............#
.........#...........
######....#.........##
#....#.........# #....#
......


You could see a merfolk and a two-headed ogre.

Vanquished Creatures
  A two-headed ogre (D:8)
  Joseph (D:8)
  Prince Ribbit (D:8)
  2 hippogriffs
  Sigmund (D:2)
  2 hungry ghosts
  2 black bears
  A sky beast (D:7)
  2 ice beasts
  An orc warrior (D:7)
  4 centaurs
  A phantom (D:7)
  2 eyes of draining
  3 ogres
  2 bullfrogs (D:7)
  14 scorpions
  A killer bee (D:8)
  10 wights
  3 howler monkeys
  2 centaur zombies
  8 crimson imps
  A human zombie (Ossuary)
  A quasit (D:7)
  An orc priest (D:5)
  2 jellies
  3 bullfrog zombies
  2 bullfrog skeletons
  A centaur skeleton (D:9)
  4 hounds
  8 orc wizards
  Ijyb (D:4)
  Jessica (D:2)
  3 iguanas
  9 worker ants
  3 big kobold zombies (Ossuary)
  2 hound skeletons (D:7)
  A howler monkey zombie (D:5)
  4 mummies
  A worker ant zombie (D:7)
  12 adders
  4 scorpion zombies (Ossuary)
  A shadow imp (D:8)
  2 oozes
  An adder zombie (D:9)
  2 adder skeletons (D:7)
  2 worms
  6 leopard geckos
  29 orcs
  5 bats
  5 giant cockroaches (D:1)
  5 goblins
  7 hobgoblins
  8 jackals
  7 kobolds
  2 quokkas
  3 ball pythons
  5 frilled lizards
  A giant cockroach zombie (D:5)
  4 gnoll zombies (Ossuary)
  A goblin zombie (Ossuary)
  2 hobgoblin zombies (Ossuary)
  A jackal skeleton (D:5)
  2 kobold zombies (Ossuary)
  An orc zombie (Ossuary)
  7 rats
237 creatures vanquished.

Notes
Turn   | Place    | Note
-------+----------+-------------------------------------------
     0 | D:1      | polve the Vine Stalker Fighter began the quest for the Orb.
     0 | D:1      | Reached XP level 1. HP: 11/11 MP: 2/2
    52 | D:1      | Reached skill level 2 in Long Blades
   154 | D:1      | Reached XP level 2. HP: 16/16 MP: 3/3
   618 | D:1      | Reached skill level 3 in Long Blades
   675 | D:1      | Reached XP level 3. HP: 19/19 MP: 4/4
  1589 | D:2      | Noticed Sigmund
  1592 | D:2      | Killed Sigmund
  1592 | D:2      | Reached skill level 5 in Long Blades
  1592 | D:2      | Gained mutation: Your natural rate of healing is unusually fast. [Vine Stalker growth]
  1592 | D:2      | Reached XP level 4. HP: 15/23 MP: 5/5
  1592 | D:2      | Reached XP level 5. HP: 18/27 MP: 6/6
  1660 | D:2      | Noticed Jessica
  1664 | D:2      | Killed Jessica
  1664 | D:2      | Reached XP level 6. HP: 32/32 MP: 7/7
  1805 | D:2      | Found a radiant altar of Vehumet.
  1954 | D:2      | Found a shattered altar of Ashenzari.
  2751 | D:4      | Found a shadowy altar of Dithmenos.
  2773 | D:4      | Reached skill level 6 in Long Blades
  2828 | D:4      | Found a bloodstained altar of Trog.
  2892 | D:4      | You fall through a shaft for 2 floors!
  2907 | D:5      | Entered Level 5 of the Dungeon
  3039 | D:5      | Reached XP level 7. HP: 35/35 MP: 8/8
  3059 | D:5      | Found a basalt altar of Yredelemnul.
  3070 | D:5      | Reached skill level 7 in Long Blades
  3218 | D:5      | Found an iron altar of Okawaru.
  3787 | D:4      | Noticed Ijyb
  3793 | D:4      | Killed Ijyb
  3848 | D:4      | Reached skill level 8 in Long Blades
  3941 | D:4      | Found Tiak's Antique Weapon Shoppe.
  4384 | D:5      | Gained mutation: You have razor-sharp teeth. [Vine Stalker growth]
  4384 | D:5      | Reached XP level 8. HP: 39/39 MP: 7/9
  4882 | D:6      | Reached skill level 9 in Long Blades
  5038 | D:7      | Gained mutation: Your mind is acute. (Int +2) [mutagenic meat]
  5109 | D:7      | Found a blossoming altar of Fedhas.
  5152 | D:7      | Reached skill level 10 in Long Blades
  5259 | D:7      | Reached XP level 9. HP: 41/43 MP: 10/10
  5283 | D:7      | Found a sand-covered staircase.
  5297 | Ossuary  | Entered an ossuary
  5574 | Ossuary  | Reached skill level 11 in Long Blades
  5969 | D:7      | Found a staircase to the Ecumenical Temple.
  6111 | Temple   | Entered the Ecumenical Temple
  6220 | Temple   | Became a worshipper of Uskayaw the Reveler
  6253 | D:7      | Reached * piety under Uskayaw
  6293 | D:7      | Reached ** piety under Uskayaw
  6299 | D:7      | Reached *** piety under Uskayaw
  6410 | D:7      | Reached skill level 12 in Long Blades
  6497 | D:8      | Noticed a two-headed ogre
  6569 | D:8      | Reached **** piety under Uskayaw
  6639 | D:8      | Reached XP level 10. HP: 38/47 MP: 11/11
  6685 | D:8      | Reached ***** piety under Uskayaw
  6730 | D:8      | Noticed Prince Ribbit
  6736 | D:8      | Killed Prince Ribbit
  6761 | D:8      | Killed a two-headed ogre
  6761 | D:8      | Reached skill level 13 in Long Blades
  6915 | D:8      | Noticed Joseph
  6934 | D:8      | Killed Joseph
  7279 | D:9      | Found a sparkling altar of Nemelex Xobeh.
  7427 | D:9      | Found an ancient bone altar of Kikubaaqudgha.
  7461 | D:9      | Reached skill level 14 in Long Blades
  7776 | D:10     | Entered Level 10 of the Dungeon
  7828 | D:10     | Noticed a red ugly thing
  8145 | D:10     | Noticed a two-headed ogre
  8150 | D:10     | Mangled by a merfolk

Skill      XL: |  1  2  3  4  5  6  7  8  9 10 |
---------------+-------------------------------+-----
Long Blades    | 2 3 5 6 8 10 12 14 | 14.0
Fighting       | 3 |  3.7
Armour         | 3 |  3.2
Shields        | |  2.6

Action                   |  1- 3 |  4- 6 |  7- 9 | 10-12 || total
-------------------------+-------+-------+-------+-------++-------
Melee: Long sword        |    99 |       |       |       ||    99
       Bite              |    33 |    23 |   122 |    60 ||   238
       Falchion          |    10 |    82 |   338 |   146 ||   576
  Use: Scroll            |       |       |    10 |     4 ||    14
       Potion            |       |       |     1 |     2 ||     3
 Stab: Paralysed         |       |       |     1 |     7 ||     8
  Eat: Chunk             |     2 |     5 |    12 |     9 ||    28
Armor: Scale mail        |    47 |    26 |    93 |    28 ||   194
Dodge: Dodged            |    35 |    21 |    63 |    19 ||   138
Block: Shield            |    58 |    33 |   120 |    27 ||   238
       Rpst.: Long sword |     8 |       |       |       ||     8
       Falchion          |       |     5 |    13 |    10 ||    28
